 Dungeon Crawl Stone Soup version 0.18.1-48-g4cf74bf (webtiles) character file.

455 Heedrag the Conjurer (level 6, -13/32 HPs)
             Began as a Deep Elf Conjurer on Aug 4, 2016.
             Killed by divine providence
             ... invoked by an orc priest
              (14 damage)
             ... on level 4 of the Dungeon.
             The game lasted 00:07:20 (3056 turns).

Heedrag the Conjurer (Deep Elf Conjurer)            Turns: 3056, Time: 00:07:21

Health: -13/32     AC:  5    Str:  7    XL:     6   Next: 76%
Magic:  0/17       EV: 13    Int: 20    God:
Gold:   215        SH:  0    Dex: 15    Spells: 4 memorised, 4 levels left

rFire  . . .     SeeInvis .     C - +2 whip (elec)
rCold  . . .     Gourm    .     a - +0 robe
rNeg   . . .     Faith    .     (no shield)
rPois  .         Spirit   .     (no helmet)
rElec  .         Dismiss  .     (no cloak)
rCorr  .         Reflect  .     t - +0 pair of gloves
SustAt .         Harm     .     r - +1 pair of boots
MR     .....     Rnd*Tele +     (no amulet)
Stlth  +.........               y - ring of loudness (curse)
                                d - ring of teleportation (curse)

@: not resistant to hostile enchantments, very unstealthy
A: no striking features
a: no special abilities


You were on level 4 of the Dungeon.
You were hungry.

You visited 1 branch of the dungeon, and saw 4 of its levels.

You collected 215 gold pieces.

Inventory:

Hand Weapons
 C - a +2 whip of electrocution (weapon)
 F - a +2 dagger of speed
Armour
 a - a +0 robe (worn)
 f - a +0 buckler
 r - a +1 pair of boots (worn)
 t - a +0 pair of gloves (worn)
Jewellery
 d - a cursed ring of teleportation (left hand)
 p - a +3 ring of intelligence
 w - a +3 ring of dexterity
 y - a cursed ring of loudness (right hand)
 D - a +2 ring of strength {unknown}
Scrolls
 g - 2 scrolls of fear {unknown}
 h - a scroll of fog {unknown}
 o - a scroll of immolation {unknown}
 q - 5 scrolls of identify {unknown}
 s - a scroll of magic mapping {unknown}
 u - a scroll of enchant weapon {unknown}
 v - a scroll of random uselessness {unknown}
 x - a scroll of remove curse {unknown}
 z - 2 scrolls of teleportation {unknown}
Potions
 e - 2 potions of brilliance {unknown}
 i - a potion of flight {unknown}
 j - a potion of resistance {unknown}
 l - 2 potions of curing {unknown}
 n - 2 potions of invisibility {unknown}
 A - a potion of ambrosia {unknown}
 B - a potion of haste {unknown}
Books
 b - a book of Conjurations

   Spells                             Type                      Level
   a - Magic Dart                     Conjuration                  1
   b - Searing Ray                    Conjuration                  2
   c - Dazzling Spray                 Conjuration/Hexes            3
   d - Fulminant Prism                Conjuration/Hexes            4
   e - Iskenderun's Mystic Blast      Conjuration                  4
   f - Iskenderun's Battlesphere      Conjuration/Charms           5
Comestibles
 c - 3 bread rations
 k - 3 fruits
 m - 2 meat rations
 E - a beef jerky
 G - 2 chunks of flesh


   Skills:
 - Level 2.4 Dodging
 - Level 2.4 Stealth
 + Level 6.0 Spellcasting
 * Level 7.3 Conjurations
 + Level 3.1 Charms


You had 4 spell levels left.
You knew the following spells:

 Your Spells              Type           Power        Failure   Level  Hunger
a - Magic Dart            Conj           ####         1%          1    None
b - Dazzling Spray        Conj/Hex       ###...       10%         3    ##.....
c - Iskenderun's Mystic   Conj           #####...     8%          4    ####...
d - Iskenderun's Battles  Conj/Chrm      ####....     38%         5    #####..


Dungeon Overview and Level Annotations

Branches:
Dungeon (4/15)
 Temple: D:4-7

Altars:
Dithmenos
Gozag
Kikubaaqudgha
Nemelex Xobeh
Pakellas
Qazlal

Annotations:
D:2 druid


Message History

Aim: an orc, wieldin' a club an' wearin' a scale mail (heavily wounded, blind) Tha spray o' energy hits tha orc.
Ye kill tha orc!
Tha spray o' energy misses tha orc priest.
Tha orc priest hits ye.
* * * LOW HITPOINT WARNIN'
* * * Castin': Dazzlin' Spray Confirm wit' . or Enter, or press ? or * ta list all spells.
Aimin': Magic Dart
Press: ? - help, Shift-Dir - straight line, f - orc priest
Aim: an orc priest, wearin' a leathar armour (heavily wounded) Tha magic dart hits tha orc priest.
Tha orc priest be heavily wounded.
Tha orc priest misses ye.
Unknown command.
Ye barely miss tha orc priest.
Tha orc priest be heavily wounded.
Tha orc priest calls down tha wrath o' Beogh upon ye.
Beogh smites ye!
Ye die...

##..##..#...#
##...#...#..##
........## .#
.####...# .##
##.##..#
#.....#
##)##..# #)o#
#... #@## ##
#..# .....
..#..##. #..
#.. ## ## #..
... ....
.....#


You could see an orc priest.

Vanquished Creatures
  Sigmund (D:3)
  A sky beast (D:3)
  An orc priest (D:3)
  A worker ant (D:4)
  Robin (D:2)
  2 gnolls (D:4)
  3 adders
  2 worms (D:3)
  3 dart slugs
  2 giant geckos
  12 orcs
  4 giant cockroaches
  14 goblins
  8 hobgoblins
  9 kobolds
  6 bats
  4 giant newts
74 creatures vanquished.

Notes
Turn   | Place    | Note
--------------------------------------------------------------
     0 | D:1      | Heedrag the Deep Elf Conjurer began the quest for the Orb.
     0 | D:1      | Reached XP level 1. HP: 10/10 MP: 6/6
   271 | D:1      | Reached XP level 2. HP: 10/15 MP: 6/8
   866 | D:2      | Found a shadowy altar of Dithmenos.
   876 | D:2      | Reached skill level 5 in Conjurations
   876 | D:2      | Reached XP level 3. HP: 15/19 MP: 4/10
   946 | D:2      | Learned a level 3 spell: Dazzling Spray
   954 | D:2      | Noticed Robin
   958 | D:2      | Killed Robin
  1074 | D:2      | Found an opulent altar of Gozag.
  1074 | D:2      | Found a stormy altar of Qazlal.
  1660 | D:2      | Reached XP level 4. HP: 24/24 MP: 9/12
  1932 | D:2      | Learned a level 4 spell: Iskenderun's Mystic Blast
  2034 | D:3      | Found an ancient bone altar of Kikubaaqudgha.
  2035 | D:3      | Noticed a sky beast
  2041 | D:3      | Killed a sky beast
  2041 | D:3      | Reached skill level 5 in Spellcasting
  2041 | D:3      | Reached skill level 6 in Conjurations
  2041 | D:3      | Reached XP level 5. HP: 28/28 MP: 1/14
  2154 | D:3      | Learned a level 5 spell: Iskenderun's Battlesphere
  2308 | D:3      | Found a sparkling altar of Nemelex Xobeh.
  2336 | D:3      | Reached skill level 1 in Charms
  2440 | D:3      | Found an oddly glowing altar of Pakellas.
  2458 | D:3      | Found a shadowy altar of Dithmenos.
  2652 | D:3      | Noticed Sigmund
  2658 | D:3      | Killed Sigmund
  2658 | D:3      | Reached skill level 7 in Conjurations
  2658 | D:3      | Reached XP level 6. HP: 23/32 MP: 5/16
  3054 | D:4      | HP: 1/32 [orc priest (3)]
  3056 | D:4      | Killed from afar by an orc priest

Skill      XL: |  1  2  3  4  5  6 |
---------------+-------------------+-----
Spellcasting   | 4 5 6 |  6.0
Conjurations   | 5 6 7 |  7.3
Charms         | 2 3 |  3.1
Dodging        | |  2.4
Stealth        | |  2.4

Action                   |  1- 3 |  4- 6 || total
-------------------------+-------+-------++-------
Melee: Unarmed           |     1 |     1 ||     2
       Whip              |       |     1 ||     1
 Cast: Magic Dart        |    75 |    77 ||   152
       Dazzling Spray    |       |    12 ||    12
  Eat: Chunk             |     2 |     4 ||     6
Armor: Robe              |     2 |     1 ||     3
Dodge: Dodged            |    14 |    16 ||    30
